 Dungeon Crawl Stone Soup version 0.21-a0-348-ga060c75 (webtiles) character file.

73 richardnixon the Ruffian (level 4, -1/38 HPs)
             Began as a Ghoul Monk on Oct 7, 2017.
             Slain by porpoise's ghost (14 damage)
             ... on level 3 of the Dungeon.
             The game lasted 00:03:54 (2497 turns).

richardnixon the Ruffian (Ghoul Monk)               Turns: 2497, Time: 00:03:55

Health: -1/38      AC:  2    Str: 14    XL:     4   Next: 27%
Magic:  3/3        EV: 13    Int:  5    God:
Gold:   201        SH:  0    Dex: 12    Spells: 3/3 levels left

rFire    . . .     SeeInvis .     - Unarmed
rCold    + . .     Gourm    .   (no shield)
rNeg     + + +     Faith    .   a - +0 robe
rPois    ∞         Spirit   .   (no helmet)
rElec    .         Reflect  .   (no cloak)
rCorr    .         Harm     .   (no gloves)
MR       .....                  (no boots)
Stlth    ++........             (no amulet)
HPRegen  0.00/turn              (no ring)
MPRegen  0.08/turn              (no ring)

@: rotting, hasted, very quick
A: rotting body, claws 1, carnivore 3, cold resistance 1, negative energy
resistance 3, inhibited regeneration, torment resistance, unbreathing
a: no special abilities


You were on level 3 of the Dungeon.
You were not hungry.

You visited 1 branch of the dungeon, and saw 3 of its levels.

You collected 201 gold pieces.

Inventory:

Armour
 a - a +0 robe (worn)
 f - a +1 leather armour of fire resistance
   (You found it on level 1 of the Dungeon)
Scrolls
 c - 4 scrolls of identify {unknown}
 d - 2 scrolls of recharging {unknown}
 e - 2 scrolls of blinking {unknown}
 g - 4 scrolls of remove curse {unknown}
 i - a scroll of immolation {unknown}
 m - a scroll of teleportation {unknown}
Potions
 h - a potion of might {unknown}
 j - a potion of mutation {unknown}
 l - 3 potions of haste
Comestibles
 b - 3 meat rations {@e2}
 k - 3 royal jellies


   Skills:
 - Level 3.2 Fighting
 - Level 2.6 Dodging
 - Level 2.1 Stealth
 + Level 5.5 Unarmed Combat


You had 3 spell levels left.
You didn't know any spells.

Dungeon Overview and Level Annotations

Branches:
Dungeon (3/15)

Altars:
Dithmenos
Sif Muna

Annotations:
D:2 exclusion: Sigmund, Sigmund
D:3 1 exclusion, porpoise's ghost, amateur HOFi


Innate Abilities, Weirdness & Mutations

Your body is rotting away.
You thrive on raw meat.
You are immune to poison.
You have sharp fingernails.
You are carnivorous and can eat meat at any time.
Your flesh is cold resistant. (rC+)
You are immune to negative energy. (rN+++)
You do not regenerate when monsters are visible.
You are immune to unholy pain and torment.
You can survive without breathing.


Message History

You take 2 damage, and have 12/38 hp.
You claw the dart slug! You claw the dart slug!
You kill the dart slug!
You see here a worm corpse.
A worm corpse.
The floor.
Unknown command.
You butcher the worm corpse.
n - 5 chunks of flesh {@w0} (gained 3) Eating one of 5 chunks of flesh {@w0}.
You eat one of the 5 chunks of flesh {@w0}.
This raw flesh tastes great!
You regained 4 hp, and now have 17/38 hp.
There's nothing to close nearby.
Eating one of 4 chunks of flesh {@w0}.
You eat one of the 4 chunks of flesh {@w0}.
This raw flesh tastes great!
You regained 3 hp, and now have 20/38 hp.
Eating one of 3 chunks of flesh {@w0}.
You eat one of the 3 chunks of flesh {@w0}.
This raw flesh tastes great!
You regained 4 hp, and now have 24/38 hp.
Eating one of 2 chunks of flesh {@w0}.
You eat one of the 2 chunks of flesh {@w0}.
This raw flesh tastes great!
You regained 5 hp, and now have 29/38 hp.
Eating a chunk of flesh {@w0}.
You eat the chunk of flesh {@w0}.
This raw flesh tastes great!
You regained 5 hp, and now have 34/38 hp.
You see here a dart slug corpse.
You butcher the dart slug corpse.
n - 2 chunks of flesh {@w0} Eating one of 2 chunks of flesh {@w0}.
You eat one of the 2 chunks of flesh {@w0}.
This raw flesh tastes great!
Health restored: 38 You're in a travel-excluded area, stopping explore.
A giant cockroach comes into view.
The giant cockroach bites you but does no damage.
You scratch the giant cockroach. The giant cockroach misses you.
You barely miss the giant cockroach. The giant cockroach closely misses you.
You claw the giant cockroach!
You kill the giant cockroach!
No target in view!
No target in view!
g - 4 scrolls labeled WUSANN SOUDOTUA (gained 1)
You hear the slow rusting of a very distant drain.
b - 3 meat rations {@e2} (gained 1)
You now have 190 gold pieces (gained 14).
You now have 201 gold pieces (gained 11).
c - 4 scrolls labeled VINICL LINLALUD (gained 1)
You hear the slow rusting of a very distant drain.
k - 3 royal jellies (gained 1)
You open the door.
Found a deep blue altar of Sif Muna.
You feel your flesh rotting away.
Eating a chunk of flesh {@w0}.
You eat the chunk of flesh {@w0}.
You feel more resilient.
This raw flesh tastes great!
You hear the slow rusting of a very distant drain.
A goblin comes into view.
The goblin shouts!
You scratch the goblin but do no damage.
The goblin barely misses you.
You claw the goblin!
You kill the goblin!
Porpoise's ghost (amateur Hill Orc Fighter) comes into view.
Okay, then.
Things that are here:
a robe; 17 gold pieces Porpoise's ghost turns its malevolent gaze towards you.
Porpoise's ghost hits you.
You take 1 damage, and have 37/38 hp.
You scratch porpoise's ghost but do no damage.
Porpoise's ghost misses you.
Unknown command.
You barely miss porpoise's ghost. Porpoise's ghost closely misses you.
You closely miss porpoise's ghost. Porpoise's ghost hits you!
You take 7 damage, and have 30/38 hp.
You scratch porpoise's ghost. Porpoise's ghost closely misses you.
You scratch porpoise's ghost. Porpoise's ghost completely misses you.
You scratch porpoise's ghost but do no damage.
Porpoise's ghost closely misses you.
You barely miss porpoise's ghost. Porpoise's ghost barely misses you.
It was a potion of haste.
You feel yourself speed up. Porpoise's ghost hits you!
You take 13 damage, and have 17/38 hp.
MASSIVE DAMAGE!!
You claw porpoise's ghost! You scratch porpoise's ghost.
Porpoise's ghost closely misses you.
You barely miss porpoise's ghost. You scratch porpoise's ghost.
Porpoise's ghost closely misses you.
You scratch porpoise's ghost. Porpoise's ghost barely misses you.
You claw porpoise's ghost! You barely miss porpoise's ghost.
Porpoise's ghost hits you.
You take 4 damage, and have 13/38 hp.
You scratch porpoise's ghost but do no damage.
Porpoise's ghost whispers, "You will understand me better in a moment."
Porpoise's ghost hits you!
You die...

#........ #..######
#.# #..# #.# #..# #.#
#..# #.# #..# #.# #
#..# #.# ##.#
#..########.##...####
#.........[.@W......#
#.############.######
#.# .# #.# .. #.# .##
#.# ..
#.##############
#............###
#............'_#


You could see porpoise's ghost.

Vanquished Creatures
  2 adders (D:2)
  2 worms
  A dart slug (D:3)
  2 leopard geckos (D:1)
  3 bats
  5 giant cockroaches
  4 goblins
  2 hobgoblins
  7 jackals (D:1)
  4 kobolds
  2 ball pythons
  3 frilled lizards
  5 rats
42 creatures vanquished.

Notes
Turn   | Place    | Note
-------+----------+-------------------------------------------
     0 | D:1      | richardnixon the Ghoul Monk began the quest for the Orb.
     0 | D:1      | Reached XP level 1. HP: 19/19 MP: 0/0
   141 | D:1      | HP: 4/18 [jackal (2)]
   143 | D:1      | HP: 1/18 [jackal (2)]
   145 | D:1      | Reached XP level 2. HP: 1/25 MP: 1/1
   312 | D:1      | Reached skill level 4 in Unarmed Combat
   678 | D:1      | Reached XP level 3. HP: 30/31 MP: 2/2
  1191 | D:2      | Noticed Sigmund
  1254 | D:2      | Found a shadowy altar of Dithmenos.
  1472 | D:2      | HP: 5/29 [adder (4)]
  1480 | D:2      | HP: 1/29 [adder (3)]
  1481 | D:2      | Reached skill level 5 in Unarmed Combat
  2067 | D:2      | Reached XP level 4. HP: 36/36 MP: 3/3
  2447 | D:3      | Found a deep blue altar of Sif Muna.
  2475 | D:3      | Noticed porpoise's ghost (amateur HOFi)
  2497 | D:3      | Slain by porpoise's ghost

Vault maps used:
D:1:      dpeg_arrival_circle_labyrinth_c
D:2:      nicolae_dithmenos_through_a_glass_darkly, uniq_sigmund
D:3:      lemuel_blue_sif_altar, zin_angel, lightli_sewer_entry_pipes

Skill      XL: |  1  2  3 |
---------------+----------+-----
Unarmed Combat | 4 5 |  5.5
Fighting       | |  3.2
Dodging        | |  2.6
Stealth        | |  2.1

Action                   |  1- 3 |  4- 6 || total
-------------------------+-------+-------++-------
Melee: Unarmed           |   108 |    38 ||   146
       Punch             |     3 |       ||     3
  Use: Potion            |       |     1 ||     1
 Stab: Sleeping          |     1 |     1 ||     2
  Eat: Chunk             |    12 |     9 ||    21
Armor: Robe              |    17 |     1 ||    18
Dodge: Dodged            |    84 |    17 ||   101

Table legend:
 A = Spawn XP
 B = Non-spawn XP
 C = Spawn XP percentage of total XP
 D = Spawn monster count
 E = Non-spawn monster count
 F = Spawn count percentage of total count
 G = Total turns spent on level
                    A         B        C        D         E        F      G
               +---------+---------+-------+---------+---------+-------+---------
         Total |       0 |     105 |   0.0 |       0 |      42 |   0.0 |  2497
               +---------+---------+-------+---------+---------+-------+---------
           D:1 |       0 |      41 |   0.0 |       0 |      22 |   0.0 |  1516
           D:2 |       0 |      48 |   0.0 |       0 |      14 |   0.0 |   792
           D:3 |       0 |      16 |   0.0 |       0 |       6 |   0.0 |   189
               +---------+---------+-------+---------+---------+-------+---------

Vault maps used:
D:1:      dpeg_arrival_circle_labyrinth_c
D:2:      nicolae_dithmenos_through_a_glass_darkly, uniq_sigmund
D:3:      lemuel_blue_sif_altar, zin_angel, lightli_sewer_entry_pipes

Table legend:
 A = Turns spent in this place as a percentage of turns spent in the entire game.
 B = Non-inter-level travel turns spent in this place as a percentage of non-inter-level travel turns spent in the entire game.
 C = Inter-level travel turns spent in this place as a percentage of turns spent in this place.
 D = Turns resting spent in this place as a percentage of non-inter-level travel turns spent in this place.
 E = Turns spent auto-exploring this place as a percentage of non-inter-level travel turns spent in this place.
 F = Non-inter-level travel turns spent in this place divided by the number of levels of this place that you've seen.
                   A       B       C       D       E      F
               +-------+-------+-------+-------+-------+----------------------
         Total | 100.0 | 100.0 |   3.6 |  27.7 |  55.9 | 802.7
       Dungeon | 100.0 | 100.0 |   3.6 |  27.7 |  55.9 | 802.7
               +-------+-------+-------+-------+-------+----------------------

Table legend:
 A = Kills in this place as a percentage of kills in entire the game.
 B = Kills by you in this place as a percentage of kills by you in the entire game.
 C = Kills by friends in this place as a percentage of kills by friends in the entire game.
 D = Other kills in this place as a percentage of other kills in the entire game.
 E = Experience gained in this place as a percentage of experience gained in the entire game.
 F = Experience gained in this place divided by the number of levels of this place that you have seen.
                   A       B       C       D       E      F
               +-------+-------+-------+-------+-------+----------------------
         Total | 100.0 | 100.0 |   N/A |   N/A | 100.0 |  35.0
       Dungeon | 100.0 | 100.0 |   N/A |   N/A | 100.0 |  35.0
               +-------+-------+-------+-------+-------+----------------------
